 Dungeon Crawl Stone Soup version 0.28-a0-984-g3775c662fe (webtiles) character file.

Game seed: 6267449228759811829

107 fragbeetle the Ruffian (level 4, -3/35 HPs)
             Began as a Draconian Transmuter on Dec 4, 2021.
             Slain by an elf zombie (6 damage)
             ... in an ossuary.
             The game lasted 00:09:45 (2484 turns).

fragbeetle the Ruffian (Draconian Transmuter)       Turns: 2484, Time: 00:09:46

Health: -3/35      AC:  6    Str: 14    XL:     4   Next: 57%
Magic:  6/7        EV: 12    Int: 13    God:
Gold:   103        SH:  0    Dex: 12    Spells: 3/7 levels left

rFire   . . .      SeeInvis .     - Unarmed
rCold   . . .      Faith    .   (no shield)
rNeg    . . .      Spirit   .   (armour unavailable)
rPois   .          Reflect  .   (helmet currently unavailable)
rElec   .          Harm     .   (no cloak)
rCorr   +          Rampage  .   b - +0 pair of gloves
Will    .....                   (boots currently unavailable)
Stlth   +.........              (no amulet)
HPRegen 0.11/turn               e - ring of resist corrosion
MPRegen 0.10/turn               (no ring)

@: mighty, appendages
A: horns 2, talons 2, AC +5, unfitting armour, cold-blooded
a: End Transformation


You were in an ossuary.
You had temporarily grown beastly horns and talons.
You visited 1 branch of the dungeon, and saw 4 of its levels.
You also visited: Ossuary.

You collected 103 gold pieces.

Inventory:

Hand Weapons
 l - a +0 quarterstaff of speed
Missiles
 m - 3 boomerangs
Armour
 b - a +0 pair of gloves (worn)
Jewellery
 e - a ring of resist corrosion (left hand)
Scrolls
 a - 2 scrolls of teleportation {unknown}
 d - a scroll of fear {unknown}
 f - a scroll of noise {unknown}
 g - a scroll of magic mapping {unknown}
 h - a scroll of brand weapon {unknown}
 n - a scroll of identify {unknown}
Potions
 i - a potion of curing {unknown}
 j - a potion of mutation {unknown}
 k - a potion of flight {unknown}


   Skills:
 + Level 1.2 Fighting
 + Level 2.4 Dodging
 * Level 4.2 Unarmed Combat
 + Level 2.4 Spellcasting
 * Level 2.8 Transmutations


You had 3 spell levels left.
You knew the following spells:

 Your Spells              Type           Power      Damage    Failure   Level
a - Beastly Appendage     Tmut           16%        N/A       8%          1
b - Spider Form           Tmut/Pois      5%         N/A       38%         3

Your spell library contained the following spells:

 Spells                   Type           Power      Damage    Failure   Level
 Wereblood                Tmut           8%         N/A       12%         2
 Magic Dart               Conj           4%         1d3       24%         1
 Searing Ray              Conj           2%         2d4       36%         2
 Call Canine Familiar     Summ           1%         N/A       58%         3
 Portal Projectile        Hex/Tloc       2%         N/A       58%         3
 Ice Form                 Ice/Tmut       5%         N/A       80%         4
 Fulminant Prism          Conj/Hex       0%         3d6       94%         4
 Leda's Liquefaction      Hex/Erth       0%         N/A       94%         4


Dungeon Overview and Level Annotations

Branches:
Dungeon (4/15)            Ossuary (1/1)
 Temple: D:4-7

Altars:

Annotations:
D:4 Pikel


Innate Abilities, Weirdness & Mutations

You have temporarily grown beastly horns and talons.
Your plain brown scales are hard. (AC +5)
You cannot fit into any form of body armour.
You are cold-blooded and may be slowed by cold attacks.


Message History

You hit the mummy. Your kick misses the mummy. You headbutt the mummy.
The mummy is lightly damaged.
The adder zombie closely misses you.
You hit the mummy.
The mummy is moderately damaged.
The adder zombie bites you but does no damage.
The mummy misses you.
You barely miss the mummy.
The mummy is moderately damaged.
The adder zombie bites you but does no damage.
The gnoll zombie hits you but does no damage.
You barely miss the gnoll zombie. You claw the gnoll zombie.
The gnoll zombie is lightly damaged.
Your horns disappear.
Your talons disappear.
The adder zombie closely misses you. The gnoll zombie barely misses you.
You punch the gnoll zombie! You tail-slap the gnoll zombie.
The gnoll zombie is almost destroyed.
The adder zombie misses you. The mummy closely misses you.
You punch the gnoll zombie!
You destroy the gnoll zombie!
The adder zombie barely misses you.
You hit the elf zombie.
The elf zombie is lightly damaged.
The adder zombie barely misses you. The mummy closely misses you.
The elf zombie barely misses you.
You barely miss the elf zombie.
The elf zombie is lightly damaged.
The adder zombie completely misses you. The elf zombie barely misses you.
The mummy hits you!
* * * LOW HITPOINT WARNING * * *
A mummy comes into view.
It was a potion of might.
You feel very mighty all of a sudden. The adder zombie barely misses you.
The elf zombie closely misses you.
Casting: Beastly Appendage (safe; 8% risk of failure)
Confirm with . or Enter, or press ? or * to list all spells.
You grow a pair of large bovine horns.
Your feet morph into talons.
The elf zombie hits you.
You die...

....................
....................
#....Z..........# .
.##...ZZZZ........##..
..................M...
......Z...............
........#####.........
.........ZZZ.Z........
.........ZZZMZ@.......
######################


You could see 2 mummies, an adder zombie, a rat zombie, a goblin zombie, a
kobold zombie, 3 elf zombies and a human zombie.

Vanquished Creatures
  A lemure (D:2)
  A hound zombie (Ossuary)
  An adder (D:2)
  2 adder zombies (Ossuary)
  2 dart slugs
  2 orcs (D:4)
  4 ball pythons
  6 endoplasms
  16 giant cockroaches
  2 goblins (D:1)
  7 hobgoblins
  2 jackals (D:2)
  2 quokkas
  4 bats
  A gnoll zombie (Ossuary)
  6 kobolds
  4 rats (D:1)
63 creatures vanquished.

Vanquished Creatures (others)
  A plant (D:2)
1 creature vanquished.

Grand Total: 64 creatures vanquished

Notes
Turn   | Place    | Note
-------+----------+-------------------------------------------
     0 | D:1      | fragbeetle the Draconian Transmuter began the quest for the
                  | Orb.
     0 | D:1      | Reached XP level 1. HP: 16/16 MP: 3/3
   231 | D:1      | Reached XP level 2. HP: 23/23 MP: 3/5
  1073 | D:2      | Reached XP level 3. HP: 28/28 MP: 4/6
  1684 | D:2      | Learned a level 3 spell: Spider Form
  1885 | D:2      | Reached skill level 4 in Unarmed Combat
  1885 | D:2      | Reached XP level 4. HP: 21/35 MP: 7/7
  2220 | D:4      | Noticed a lemure
  2220 | D:4      | Noticed Pikel
  2261 | D:2      | Killed a lemure
  2376 | D:4      | Noticed a lemure
  2424 | D:4      | Found a sand-covered staircase.
  2433 | Ossuary  | Entered an ossuary
  2484 | Ossuary  | Slain by an elf zombie

Illustrated notes

Levels and vault maps discovered:
D:1:      arrival_zaba_pyramid, layout_basic
D:2:      minmay_roachtagon, layout_basic, guppyfry_early_lair_pool
D:3:      layout_basic, lemuel_round_altar, lemuel_tele_altar,
          chequers_ecumenical_altar_grove, chequers_avenue,
          minmay_misc_feat_enclosed, minivault_26, uniq_crazy_yiuf_cottage,
          uniq_grinder
D:4:      layout_loops_ring, mainiacjoe_overflow_swirl, enter_ossuary_1,
          uniq_menkaure, uniq_pikel
Ossuary:  ossuary_minmay_tomb_2a

Skill      XL: |  1  2  3 |
---------------+----------+-----
Dodging        | 2 |  2.4
Unarmed Combat | 4 |  4.2
Fighting       | |  1.2
Spellcasting   | |  2.4
Transmutations | |  2.8

Action                   |  1- 3 |  4- 6 || total
-------------------------+-------+-------++-------
Melee: Unarmed           |   155 |    58 ||   213
       Headbutt          |    12 |     8 ||    20
       Kick              |    24 |     8 ||    32
       Tailslap          |     7 |     6 ||    13
       Punch             |     1 |     3 ||     4
 Cast: Beastly Appendage |    33 |    10 ||    43
  Use: Potion            |       |     1 ||     1
Armor: Skin              |    59 |    23 ||    82
Dodge: Dodged            |    98 |    55 ||   153

Table legend: (Time is in decaauts)
 A = Elapsed time spent in this place.
 B = Non-inter-level travel time spent in this place.
 C = Inter-level travel time spent in this place.
 D = Time resting spent in this place.
 E = Time spent auto-exploring this place.
 F = Levels seen in this place.
 G = Mean time per level.
                   A        B        C        D        E       F      G
               +--------+--------+--------+--------+--------+-----+--------+
         Total |   2476 |   2476 |      0 |    129 |   1196 |   5 |  495.2 |
       Dungeon |   2428 |   2428 |      0 |    129 |   1196 |   4 |  607.0 |
       Ossuary |     48 |     48 |      0 |      0 |      0 |   1 |   48.0 |
               +--------+--------+--------+--------+--------+-----+--------+

Top non-repeatable levels by time:
     D:2: 1131 daAuts
     D:1: 1021 daAuts
     D:4: 149 daAuts
     D:3: 125 daAuts
 Ossuary: 48 daAuts
